 Dungeon Crawl Stone Soup version 0.31.0-12-g77e489cdc1 (webtiles) character file.

Game seed: 2316814723564212170

4422 NotreDorf the Blocker (level 10, -7/90 HPs)
             Began as a Minotaur Fighter on Feb 27, 2024.
             Mangled by a sixfirhy (11 damage)
             ... on level 2 of the Abyss.
             The game lasted 00:28:07 (5425 turns).

NotreDorf the Blocker (Minotaur Fighter)            Turns: 5425, Time: 00:28:07

Health: -7/90      AC: 17    Str: 28    XL:     10   Next: 14%
Magic:  9/9        EV: 12    Int: 10    God:
Gold:   449        SH:  6    Dex: 11    Spells: 9/9 levels left

rFire   . . .        a - +2 flail
rCold   . . .        c - +0 buckler
rNeg    . . .        f - +0 plate armour
rPois   .            h - +2 hat {Int+3}
rElec   .            (no cloak)
rCorr   .            s - +0 pair of gloves
SInv    .            (no boots)
Will    .....        G - amulet of regeneration Stlth
                     e - +6 ring of strength
HPRegen 0.00/turn    E - +5 ring of evasion
MPRegen 0.11/turn

%: no passive effects
@: sick, studying Air Magic
A: horns 2, retaliatory headbutt
a: no special abilities


You were on level 2 of the Abyss.
You visited 2 branches of the dungeon, and saw 8 of its levels.
You visited the Abyss 1 time.

You collected 449 gold pieces.

Inventory:

Hand Weapons
 a - a +2 flail (weapon)
 p - the +1 short sword of the Blessed Realm {flame, +Blink rF+++ Str+6}
   (You found it on level 2 of the Dungeon)

   Str+6:     It affects your strength (+6).
   rF+++:     It renders you almost immune to fire.
   +Blink:    It lets you blink.
Missiles
 j - 73 stones (quivered)
Armour
 c - a +0 buckler (worn)
 f - a +0 plate armour (worn)
 h - a +2 hat of intelligence (worn)
 l - +0 steam dragon scales
 r - the +1 robe of Vines {NoPotionHeal Regen++++}
   (You found it on level 7 of the Dungeon)

   NoPotionHeal: Its wearer cannot be healed by potions.
   Regen++++: It increases your rate of health regeneration.
 s - a +0 pair of gloves (worn)
Jewellery
 e - a +6 ring of strength (left hand)
 D - a +6 ring of dexterity
 E - a +5 ring of evasion (right hand)
 G - an amulet of regeneration (around neck)
Wands
 i - a wand of charming (11)
 o - a wand of mindburst (8)
 C - a wand of roots (13)
Scrolls
 b - 2 scrolls of revelation {unknown}
 m - 2 scrolls of teleportation
Potions
 d - a potion of might
 g - a potion of haste
 k - a potion of attraction
 n - 4 potions of curing
 q - a potion of brilliance
 t - a potion of resistance {unknown}
 x - a potion of heal wounds {unknown}
 z - a potion of enlightenment {unknown}
 B - a potion of invisibility


   Skills:
 + Level 8.4 Fighting
 + Level 8.0 Maces & Flails
 + Level 8.4 Armour
 + Level 8.5 Shields
 + Level 5.3 Unarmed Combat
 + Level 5.0 Evocations


You had 9 spell levels left.
You didn't know any spells.
Your spell library contained the following spells:

 Spells                   Type           Power      Damage    Failure   Level
 Magic Dart               Conj           0%         1d3       98%         1
 Blink                    Tloc           0%         N/A       99%         2
 Call Imp                 Summ           0%         N/A       99%         2
 Dazzling Flash           Conj/Hex       0%         N/A       100%        3
 Mephitic Cloud           Conj/Alch/Air  0%         N/A       100%        3
 Curse of Agony           Necr           0%         N/A       100%        5
 Silence                  Hex/Air        0%         N/A       100%        5


Dungeon Overview and Level Annotations

Branches:
Dungeon (7/15)             Temple (1/1) D:4

Altars:
Ashenzari
Cheibriados
Dithmenos
Fedhas
Gozag
Hepliaklqana
Kikubaaqudgha
Makhleb
Nemelex Xobeh
Qazlal
Ru
Sif Muna
Trog
Uskayaw
Vehumet
Wu Jian
Xom
Yredelemnul
Zin
The Shining One


Innate Abilities, Weirdness & Mutations

You have a pair of horns on your head.
You reflexively headbutt those who attack you in melee.


Message History

The small abomination is moderately damaged.
The small abomination closely misses you.
You closely miss the small abomination.
The small abomination is moderately damaged.
The sixfirhy completely misses you. You furiously retaliate!
You headbutt the sixfirhy!
The small abomination hits you but does no damage.
The sixfirhy hits you but does no damage.
The small abomination closely misses you.
You closely miss the small abomination.
Your headbutt misses the small abomination.
The small abomination is moderately damaged.
You block the sixfirhy's attack.
The sixfirhy hits you but does no damage.
You block the sixfirhy's attack. The sixfirhy hits you!
The sixfirhy shocks you!
The small abomination closely misses you.
You sock the small abomination!
The small abomination is severely damaged.
The sixfirhy misses you. The sixfirhy hits you. The sixfirhy shocks you!
You block the small abomination's attack.
You sock the small abomination!
You destroy the small abomination!
Your Evocations skill increases to level 5!
You sock the sixfirhy!
The sixfirhy is severely wounded.
The sixfirhy hits you but does no damage.
You miss the sixfirhy. Your headbutt misses the sixfirhy.
The sixfirhy is heavily wounded.
The sixfirhy hits you but does no damage. x2
The sixfirhy hits you! The sixfirhy shocks you!
* * * LOW HITPOINT WARNING * * *
The sixfirhy hits you!
* * * LOW HITPOINT WARNING * * *
The sixfirhy shocks you!
* * * LOW HITPOINT WARNING * * *
You feel better. The sixfirhy hits you.
* * * LOW HITPOINT WARNING * * *
The sixfirhy shocks you!
You die...

.....#######.#
.#.............#
... ............
##..............
...........#..#
###...#........+
........3......#
##......@......#
#..............#
##.............#
#
..............#
###...##########
..... ...... .
..... #.#. ..


You could see a sixfirhy.

Vanquished Creatures
  A hydra (D:7)
  A smoke demon (Abyss:2)
  Maggie (D:7)
  An ancient zyme (Abyss:2)
  2 trolls (D:7)
  A ynoxinul (Abyss:2)
  Eustachio (D:5)
  A chaos spawn (Abyss:2)
  3 ice beasts
  A sky beast (D:6)
  2 small abominations (Abyss:2)
  5 black bears
  An ogre (D:5)
  A bullfrog (D:6)
  A scorpion (D:6)
  A burial acolyte (D:5)
  5 jellies
  The ghost of DoomSlayer the Trooper, a weakling DgFi (D:4)
  3 quasits (D:4)
  5 hounds
  2 orc priests
  4 iguanas
  A sleepcap (D:5)
  Terence (D:2)
  An orc wizard (D:5)
  A hound zombie (D:5)
  4 gnolls
  6 adders
  2 river rats (D:4)
  3 shadow imps
  2 ufetubi (D:5)
  2 adder zombies (D:5)
  2 dart slugs
  2 ribbon worms
  6 orcs
  9 bats
  8 endoplasms
  2 giant cockroaches
  3 gnoll zombies (D:5)
  10 goblins
  6 hobgoblins
  2 jackals (D:1)
  11 quokkas
  7 ball pythons
  7 kobolds
  A kobold zombie (D:5)
  6 rats
149 creatures vanquished.

Vanquished Creatures (others)
  An orc wizard (D:3)
1 creature vanquished.

Grand Total: 150 creatures vanquished

Notes
Turn   | Place    | Note
-------+----------+-------------------------------------------
     0 | D:1      | NotreDorf the Minotaur Fighter began the quest for the Orb.
     0 | D:1      | Reached XP level 1. HP: 19/19 MP: 0/0
    76 | D:1      | Reached XP level 2. HP: 27/27 MP: 1/1
   410 | D:1      | Reached XP level 3. HP: 33/33 MP: 2/2
   766 | D:2      | Identified the +1 short sword of the Blessed Realm {flame,
                  | +Blink rF+++ Str+6}
   794 | D:2      | Noticed Terence
   800 | D:2      | Killed Terence
   801 | D:2      | Reached XP level 4. HP: 41/41 MP: 3/3
  1372 | D:3      | Reached XP level 5. HP: 36/47 MP: 4/4
  1489 | D:3      | Found a faded altar of an unknown god.
  1577 | D:3      | Found a blossoming altar of Fedhas.
  1752 | D:4      | Noticed a black bear
  1759 | D:4      | Killed a black bear
  1760 | D:4      | Reached skill level 5 in Fighting
  1760 | D:4      | Reached skill level 5 in Armour
  1760 | D:4      | Reached skill level 5 in Shields
  1761 | D:4      | Found a bloodstained altar of Trog.
  1761 | D:4      | Noticed a black bear
  1765 | D:4      | Killed a black bear
  1766 | D:4      | Reached skill level 1 in Evocations
  1766 | D:4      | Reached XP level 6. HP: 56/56 MP: 5/5
  2019 | D:4      | Found a staircase to the Ecumenical Temple.
  2028 | Temple   | Entered the Ecumenical Temple
  2089 | D:4      | Found a transporter.
  2092 | D:4      | Noticed DoomSlayer's ghost (weakling DgFi)
  2100 | D:4      | Found a transporter.
  2109 | D:4      | Killed DoomSlayer's ghost
  2110 | D:4      | Reached XP level 7. HP: 50/61 MP: 2/6
  2115 | D:4      | Reached skill level 5 in Maces & Flails
  2666 | D:5      | Entered Level 5 of the Dungeon
  2668 | D:5      | Noticed Eustachio
  2705 | D:5      | Reached skill level 1 in Unarmed Combat
  2900 | D:5      | Found an ancient bone altar of Kikubaaqudgha.
  2908 | D:5      | Reached XP level 8. HP: 70/70 MP: 7/7
  2948 | D:5      | Found a sparkling altar of Nemelex Xobeh.
  3300 | D:5      | Killed Eustachio
  3562 | D:6      | Found a glowing silver altar of Zin.
  4141 | D:6      | Found a snail-covered altar of Cheibriados.
  4195 | D:6      | Reached XP level 9. HP: 79/79 MP: 8/8
  4992 | D:7      | Noticed a troll
  4996 | D:7      | Killed a troll
  5035 | D:7      | Found the +1 robe of Vines {NoPotionHeal Regen++++}
  5036 | D:7      | Noticed a troll
  5046 | D:7      | Noticed a four-headed hydra
  5050 | D:7      | Killed a troll
  5056 | D:7      | Killed a four-headed hydra
  5093 | D:7      | Noticed Maggie
  5101 | D:7      | Killed Maggie
  5285 | Abyss:2  | Cast into level 2 of the Abyss (gnoll)
  5328 | Abyss:2  | Noticed a smoke demon
  5333 | Abyss:2  | Killed a smoke demon
  5334 | Abyss:2  | Reached skill level 5 in Unarmed Combat
  5380 | Abyss:2  | Reached XP level 10. HP: 65/89 MP: 9/9
  5411 | Abyss:2  | Noticed a sixfirhy
  5423 | Abyss:2  | Reached skill level 5 in Evocations
  5424 | Abyss:2  | HP: 1/90 [sixfirhy (12)]
  5425 | Abyss:2  | Mangled by a sixfirhy

Illustrated notes

Levels and vault maps discovered:
D:1:      grunt_arrival_lava_bath, layout_basic
D:2:      kennysheep_six_static_rooms, layout_basic, uniq_terence
D:3:      layout_rooms, fedhas_ov_isle_minmay, ebering_ecumenical_altar_rust,
          dk_noncrumbling_4
D:4:      layout_gridville, trog_ov_bears_minmay,
          minmay_temple_entry_sparse_star, gammafunk_ghost_stat_death,
          portal_sewer_entry_e, minmay_joined_circles
D:5:      layout_cave_pods, nicolae_overflow_crystal_walls,
          regret_index_kikubaaqudgha_part_by_part, uniq_eustachio
D:6:      layout_layer_cave, mainiacjoe_overflow_alcove_2,
          mainiacjoe_overflow_tiny_flanked, minmay_manual_moon
D:7:      layout_basic, enter_ossuary_5, hellmonk_guarded_unrand_vines,
          uniq_maggie
Temple:   minmay_temple_curvy_branch
Abyss:2:  base:
D:2

Skill      XL: |  1  2  3  4  5  6  7  8  9 10 |
---------------+-------------------------------+-----
Shields        | 4 5 6 7 8 |  8.5
Fighting       | 4 5 6 7 8 |  8.4
Armour         | 4 5 6 7 8 |  8.4
Maces & Flails | 3 4 5 6 7 8 |  8.0
Evocations     | 1 2 3 4 5 |  5.0
Unarmed Combat | 1 3 5 |  5.3

Action                     |  1- 3 |  4- 6 |  7- 9 | 10-12 || total
---------------------------+-------+-------+-------+-------++-------
  Melee: Flail             |    80 |   112 |   213 |    23 ||   428
         Headbutt          |     8 |    19 |    44 |     2 ||    73
  Throw: Stone             |       |     1 |    17 |       ||    18
  Evoke: Wand              |       |     2 |     5 |       ||     7
    Use: Scroll            |       |       |    10 |       ||    10
         Potion            |       |       |     5 |     1 ||     6
 Armour: Scale mail        |    58 |     2 |       |       ||    60
         Plate armour      |       |   134 |   170 |    23 ||   327
  Dodge: Dodged            |    44 |    50 |   112 |    18 ||   224
  Block: Buckler           |    23 |    41 |    50 |     7 ||   121
